 Dungeon Crawl Stone Soup version 0.26-a0-830-g2a559e7be2 (webtiles) character file.

Game seed: 558949002016604306

121 Peloso the Skirmisher (level 4, 41/41 HPs)
             Began as a Minotaur Fighter on Nov 15, 2020.
             Got out of the dungeon alive.
             The game lasted 00:02:35 (1213 turns).

Peloso the Skirmisher (Minotaur Fighter)            Turns: 1213, Time: 00:02:36

Health: 41/41      AC:  7    Str: 20    XL:     4   Next: 77%
Magic:  3/3        EV:  7    Int:  5    God:
Gold:   123        SH:  9    Dex: 11    Spells: 3/3 levels left

rFire    . . .     SeeInvis .   a - +0 long sword
rCold    . . .     Faith    .   c - +0 kite shield
rNeg     . . .     Spirit   +   b - +0 scale mail
rPois    .         Reflect  .   (helmet restricted)
rElec    .         Harm     .   (no cloak)
rCorr    .         Rampage  .   (no gloves)
MR       +....                  (no boots)
Stlth    ..........             f - amulet of guardian spirit
HPRegen  0.13/turn              (no ring)
MPRegen  0.08/turn              (no ring)

@: no status effects
A: retaliatory headbutt, horns 2, talons 1, deterioration 1, magic resistance 1,
sense surroundings 1
a: no special abilities


You escaped.
You visited 1 branch of the dungeon, and saw 2 of its levels.

You collected 123 gold pieces.

Inventory:

Hand Weapons
 a - a +0 long sword (weapon)
Armour
 b - a +0 scale mail (worn)
 c - a +0 kite shield (worn)
Jewellery
 f - an amulet of guardian spirit (around neck)
 g - a +4 ring of protection {unknown}
Scrolls
 h - a scroll of identify {unknown}
 j - a scroll of remove curse {unknown}
Potions
 d - a potion of might


   Skills:
 + Level 4.7 Fighting
 + Level 3.6 Long Blades
 + Level 4.5 Armour
 + Level 0.4 Dodging
 + Level 4.3 Shields


You had 3 spell levels left.
You didn't know any spells.
Your spell library was empty.

Dungeon Overview and Level Annotations

Branches:
Dungeon (2/15)

Altars:
Kikubaaqudgha
Uskayaw


Innate Abilities, Weirdness & Mutations

You reflexively headbutt those who attack you in melee.
You have a pair of horns on your head.
You have sharp toenails.
Your body sometimes deteriorates upon taking damage.
You are resistant to hostile enchantments. (MR+)
You passively map a small area around you.


Message History

(D) Dungeon
Where to? (Enter - D:12, ? - help)
What level of the Dungeon? (default 1, ? - help) You're too confused!
You feel less invigorated.
You feel less confused.
(D) Dungeon
Where to? (Enter - D:1 @ (x,y), ? - help)
What level of the Dungeon? (default 1, ? - help)
There is a stone staircase leading up here.
You climb upwards.
There is a stone staircase leading down here.
There is an open door here.
You see here a stone.
You see here a stone.
There is an open door here.
You see here a stone.
There is a staircase leading out of the dungeon here.
Are you sure you want to leave the Dungeon?
This will make you lose the game!
You have escaped!

..............>......##
#.......####.#........#
..........##.#........#
.##.......#...........#
.##.......#####.......#
..........# #.......##
..........# ########..#
...######.# ##.....###.##
...# #.# #...@...##..#
...# #.# ##..((.####.#
...#### #.# ###'### #.#
......# #.####(((((####.#
#####.# #.##..((.((..##.#
#...# #.'.....8(.(..+.#
###.#####.##.[(((((((##.#
...........###(.(((####.#
.......#.#...####### ##.#


There were no monsters in sight!

Vanquished Creatures
  Natasha (thrice) (D:2)
  2 adders (D:2)
  A worm (D:2)
  2 leopard geckos (D:1)
  2 bats (D:2)
  A giant cockroach (D:2)
  2 goblins (D:2)
  2 hobgoblins
  2 jackals (D:1)
  5 kobolds
  A quokka (D:2)
  4 frilled lizards (D:2)
  A rat (D:2)
28 creatures vanquished.

Vanquished Creatures (others)
  3 withered plants (D:2)
3 creatures vanquished.

Grand Total: 31 creatures vanquished

Notes
Turn   | Place    | Note
-------+----------+-------------------------------------------
     0 | D:1      | Peloso the Minotaur Fighter began the quest for the Orb.
     0 | D:1      | Reached XP level 1. HP: 19/19 MP: 0/0
   207 | D:1      | Reached XP level 2. HP: 26/27 MP: 1/1
   476 | D:2      | Found an ancient bone altar of Kikubaaqudgha.
   555 | D:2      | Found a hide-covered altar of Uskayaw.
   639 | D:2      | Reached XP level 3. HP: 34/34 MP: 2/2
   711 | D:2      | Noticed Natasha
   719 | D:2      | Killed Natasha
   836 | D:2      | Reached XP level 4. HP: 41/41 MP: 3/3
   894 | D:2      | Noticed Natasha
   908 | D:2      | Killed Natasha
   919 | D:2      | Noticed Natasha
   926 | D:2      | Killed Natasha
  1132 | D:2      | Gained mutation: You have sharp toenails. [potion of
                  | mutation]
  1132 | D:2      | Gained mutation: You are resistant to hostile enchantments.
                  | (MR+) [potion of mutation]
  1132 | D:2      | Gained mutation: Your body sometimes deteriorates upon
                  | taking damage. [potion of mutation]
  1132 | D:2      | Gained mutation: You passively map a small area around you.
                  | [potion of mutation]
  1213 | D:$      | Got out of the dungeon alive.

Illustrated notes

Levels and vault maps discovered:
D:1:      minmay_arrival_shattered_statue, layout_basic
D:2:      layout_basic, overflow_temple_1_default, kiku_gazebo_garden_becter,
          marbit_many_paths, serial_forest, infiniplex_forest_clump_tiny,
          infiniplex_forest_clump_tiny, infiniplex_forest_straight_2,
          infiniplex_forest_lined_2, infiniplex_forest_lined_corner,
          infiniplex_forest_straight_4, infiniplex_forest_clump_C, uniq_natasha

Skill      XL: |  1  2  3 |
---------------+----------+-----
Fighting       | 4 |  4.7
Armour         | 4 |  4.5
Shields        | 4 |  4.3
Long Blades    | 3 |  3.6
Dodging        | |  0.4

Action                   |  1- 3 |  4- 6 || total
-------------------------+-------+-------++-------
Melee: Long sword        |    44 |    20 ||    64
       Headbutt          |     9 |     4 ||    13
  Use: Potion            |     3 |     2 ||     5
Armor: Scale mail        |    14 |     6 ||    20
Dodge: Dodged            |    22 |     5 ||    27
Block: Kite shield       |    25 |    14 ||    39
       Rpst.: Long sword |     8 |     1 ||     9

Table legend: (Time is in decaauts)
 A = Elapsed time spent in this place.
 B = Non-inter-level travel time spent in this place.
 C = Inter-level travel time spent in this place.
 D = Time resting spent in this place.
 E = Time spent auto-exploring this place.
 F = Levels seen in this place.
 G = Mean time per level.
                   A        B        C        D        E       F      G
               +--------+--------+--------+--------+--------+-----+--------+
         Total |   1235 |   1151 |     84 |      0 |    932 |   2 |  617.5 |
       Dungeon |   1235 |   1151 |     84 |      0 |    932 |   2 |  617.5 |
               +--------+--------+--------+--------+--------+-----+--------+

Top non-repeatable levels by time:
     D:2: 755 daAuts
     D:1: 480 daAuts
